 Dungeon Sprint DCSS version bcrawl-1.18.1 (webtiles) character file.

Game seed: 8241072128775567221

203122 Arthanis the Djinn Cataclysm (level 18, -30/188 HPs)
             Began as a Djinni Monk on Nov 5, 2019.
             Was a High Priest of Qazlal.
             Annihilated by a reaper
             ... wielding a +5 scythe of slicing
             ... called by a doom hound
              (36 damage)
             ... in the Dungeon (Sprint V: "Ziggurat Sprint").
             The game lasted 00:16:09 (839 turns).

Arthanis the Djinn Cataclysm (Djinni Monk)           Turns: 839, Time: 00:16:09

Health: -30/188    AC: 23    Str: 20    XL:     18   Next: 35%
Magic:  72/78      EV: 17    Int: 24    God:    Qazlal [*****.]
Gold:   0          SH: 40    Dex: 16    Spells: 62/64 levels left

rFire    + + +     SeeInvis .   Y - staff of power
rCold    + + .     Gourm    .   V - +18 shield of the Gong {rElec rN+ MR+ EV-5}
rNeg     + + +     Faith    .   W - +5 chain mail of a ziggurat {Regen+}
rPois    +         Spirit   .   o - -2 hat of the Alchemist {rElec rPois rF+ rC+ rN+ MR+ rMut rCorr}
rElec    +         Reflect  .   B - scarf {rC+ rF+}
rCorr    +         Harm     .   L - +0 pair of gloves {Dex+3}
rMut     +         Rnd*Rage +   (boots unavailable)
MR       ++++.     NoTele   +   a - amulet of regeneration
Stlth    ..........             E - +6 ring of strength
HPRegen  1.21/turn              A - ring "Joyghoh" {rN+ MR+ MP+9 Int+3}
MPRegen  0.46/turn

@: protected from physical damage, flying, studying Staves, repel missiles
A: never pass out, berserk 2, blink, blurry vision 2, deterioration 1, fire
resistance 1, hurl hellfire, high mp 2, wild magic 3, disrupted magic 1,
MP-powered wands, floating
a: Hurl Hellfire, Blink, Upheaval, Elemental Force, Disaster Area, Renounce
Religion


You were in the Dungeon.
You worshipped Qazlal.
Qazlal was extremely pleased with you.
You were not hungry.

You visited 1 branch

Inventory:

Hand Weapons
 b - the +3 Elemental Staff {rElec rF++ rC++ MR++ AC+5}
   (You found it in the Dungeon)

   It affects your AC (+5).
   It greatly protects you from fire.
   It greatly protects you from cold.
   It insulates you from electricity.
   It affects your resistance to hostile enchantments.
 m - the +9 scythe of Vagang {speed, *Rage Str+6}
   (You found it in the Dungeon)

   Attacks with this weapon are significantly faster.
   It affects your strength (+6).
   It may make you go berserk in combat.
 K - the +8 lance "Wyrmbane" {slay drac, rPois rF+ rC+ AC+3}
   (You found it in the Dungeon)

   It affects your AC (+3).
   It protects you from fire.
   It protects you from cold.
   It protects you from poison.
 P - the +7 Singing Sword {slice}
   (You found it in the Dungeon)

   It inflicts extra damage upon your enemies.
Armour
 d - the cursed +1 leather armour of Objectivity {Dex+3}
   (You found it in the Dungeon)

   It affects your dexterity (+3).
   It has a curse placed upon it.
 o - the -2 hat of the Alchemist (worn) {rElec rPois rF+ rC+ rN+ MR+ rMut rCorr}
   (You found it in the Dungeon)

   It protects you from fire.
   It protects you from cold.
   It insulates you from electricity.
   It protects you from poison.
   It protects you from negative energy.
   It affects your resistance to hostile enchantments.
   It provides partial protection from all sources of acid and corrosion.
   It protects you from mutation.
 B - a scarf of resistance (worn)
 L - a +0 pair of gloves of dexterity (worn)
 U - the +15 Maxwell's patent armour {-Cast -Tele rElec MR+ rCorr}
   (You found it in the Dungeon)

   It insulates you from electricity.
   It affects your resistance to hostile enchantments.
   It prevents spellcasting.
   It prevents most forms of teleportation.
   It provides partial protection from all sources of acid and corrosion.
 V - the +18 shield of the Gong (worn) {rElec rN+ MR+ EV-5}
   (You found it in the Dungeon)

   It affects your evasion (-5).
   It insulates you from electricity.
   It protects you from negative energy.
   It affects your resistance to hostile enchantments.
 W - the +5 chain mail of a ziggurat (worn) {Regen+}
   (You found it in the Dungeon)

   It increases your rate of regeneration.
Magical Staves
 z - an uncursed staff of energy
 Y - an uncursed staff of power (weapon)
Jewellery
 a - an amulet of regeneration (around neck)
 c - the cursed ring "Qauwugg" {rF- Str-3 Dex+3}
   (You found it in the Dungeon)

   [ring of strength]

   It affects your strength (-3).
   It affects your dexterity (+3).
   It makes you vulnerable to fire.
   It has a curse placed upon it.
 A - the ring "Joyghoh" (right hand) {rN+ MR+ MP+9 Int+3}
   (You found it in the Dungeon)

   [ring of magical power]

   It affects your intelligence (+3).
   It protects you from negative energy.
   It affects your resistance to hostile enchantments.
   It affects your magic capacity (+9).
 C - a +6 ring of intelligence
 D - a +6 ring of intelligence
 E - a +6 ring of strength (left hand)
 J - the ring "Seppanyts" {+Blink rPois rN+ MR+}
   (You found it in the Dungeon)

   [ring of positive energy]

   It protects you from poison.
   It protects you from negative energy.
   It affects your resistance to hostile enchantments.
   It lets you blink.
 Q - an uncursed ring of stealth
 R - an uncursed ring of wizardry
 T - the ring of Sipidgh {+Fly rC+++ MR- rCorr Dex+7}
   (You found it in the Dungeon)

   [ring of resist corrosion]

   It affects your dexterity (+7).
   It renders you almost immune to cold.
   It affects your resistance to hostile enchantments.
   It lets you fly.
   It provides partial protection from all sources of acid and corrosion.
Wands
 w - a wand of disintegration (7)
 x - a wand of iceblast (7)
 y - a wand of acid (6)
Scrolls
 k - 4 scrolls of blinking
 r - 4 scrolls of amnesia
 s - 8 scrolls of fog
 t - 5 scrolls of identify
 u - 5 scrolls of remove curse
 v - 2 scrolls of fear
 M - 2 scrolls of brand weapon
Potions
 e - 10 potions of curing
 g - 20 potions of heal wounds
 h - 5 potions of haste
 i - 5 potions of magic
 j - a potion of berserk rage
 l - 2 potions of brilliance
 n - 4 potions of resistance
 p - 5 potions of agility
 q - 5 potions of might
Books
 O - a manual of Staves
Miscellaneous
 G - a lightning rod (4/4)
 Z - a phial of floods
Comestibles
 f - 5 rations {!d}


   Skills:
 + Level 23.3 Fighting
 - Level 3.0 Polearms
 + Level 21.1 Armour
 + Level 21.6 Dodging
 - Level 1.5 Stealth
 - Level 18.1 Shields
 + Level 23.5 Spellcasting
 + Level 19.1 Necromancy
 O Level 27 Invocations
 O Level 27 Evocations


You had 62 spell levels left.
You knew the following spells:

 Your Spells              Type           Power        Failure   Level  Hunger
a - Sublimation of Blood  Necr           ########..   1%          2    None

Your spell library contained the following spells:

 Spells                   Type           Power        Failure   Level  Hunger
 Animate Skeleton         Necr           N/A          1%          1    None
 Pain                     Necr           ######       1%          1    None
 Corpse Rot               Necr           N/A          1%          2    None
 Animate Dead             Necr           N/A          2%          4    None
 Bolt of Draining         Conj/Necr      #######...   17%         5    None
 Apportation              Tloc           ######       24%         1    None
 Beastly Appendage        Tmut           ######       24%         1    None
 Flame Tongue             Conj/Fire      #####        24%         1    None
 Infusion                 Chrm           ######..     24%         1    None
 Magic Dart               Conj           ####         24%         1    None
 Sandblast                Erth           ######       24%         1    None
 Slow                     Hex            ######..     24%         1    None
 Sting                    Conj/Pois      ####         24%         1    None
 Summon Butterflies       Summ           ######..     24%         1    None
 Ensorcelled Hibernation  Hex/Ice        ######       32%         2    None
 Flaming Arrows           Chrm/Fire      ######..     32%         2    None
 Passwall                 Tmut/Erth      ######..     32%         2    None
 Searing Ray              Conj           ######       32%         2    None
 Sticks to Snakes         Tmut           ######..     32%         2    None
 Swiftness                Chrm/Air       ######..     32%         2    None
 Beckoning                Tloc           ######....   47%         3    None
 Call Canine Familiar     Summ           ######..     47%         3    None
 Conjure Flame            Conj/Fire      ######..     47%         3    None
 Ignite Poison            Fire/Tmut/Pois ######..     47%         3    None
 Inner Flame              Hex/Fire       N/A          47%         3    None
 Iskenderun's Mystic Bla  Conj           ######..     47%         3    None
 Mephitic Cloud           Conj/Pois/Air  ######..     47%         3    None
 Ozocubu's Armour         Chrm/Ice       ######..     47%         3    None
 Recall                   Summ/Tloc      N/A          47%         3    None
 Spider Form              Tmut/Pois      ###          47%         3    None
 Stone Arrow              Conj/Erth      ######       47%         3    None
 Tukima's Dance           Hex            ######..     47%         3    None
 Borgnjor's Vile Clutch   Necr/Erth      #######...   47%         6    None
 Death Channel            Chrm/Necr      #######...   47%         6    None
 Simulacrum               Ice/Necr       #######...   47%         6    None
 Fulminant Prism          Conj/Hex       ######....   78%         4    None
 Ice Form                 Ice/Tmut       ######..     78%         4    None
 Petrify                  Tmut/Erth      ######..     78%         4    None
 Sticky Flame             Conj/Fire      ######..     78%         4    None
 Summon Ice Beast         Ice/Summ       ######..     78%         4    None
 Summon Scorpions         Summ/Pois      ######..     78%         4    None
 Blade Hands              Tmut           ######....   96%         5    None
 Fireball                 Conj/Fire      ######....   96%         5    None
 Irradiate                Conj/Tmut      ######....   96%         5    None
 Iskenderun's Battlesphe  Conj/Chrm      ######..     96%         5    None
 Lee's Rapid Deconstruct  Erth           ######....   96%         5    None
 Passage of Golubria      Tloc           N/A          96%         5    None
 Summon Forest            Summ/Tloc      ######....   96%         5    None
 Summon Mana Viper        Hex/Summ       ######..     96%         5    None
 Tree Form                Hex/Tmut       N/A          96%         5    None
 Bolt of Cold             Conj/Ice       ######....   100%        6    None
 Darkness                 Hex            ######....   100%        6    None
 Freezing Cloud           Ice/Air        ######....   100%        6    None
 Infestation              Hex/Tmut/Pois  ######...    100%        6    None
 Invisibility             Hex            ######..     100%        6    None
 Iron Shot                Conj/Erth      ######....   100%        6    None
 Poison Arrow             Conj/Pois      ######....   100%        6    None
 Shadow Creatures         Summ           N/A          100%        6    None
 Statue Form              Tmut/Erth      ######...    100%        6    None
 Summon Hydra             Summ           ######....   100%        6    None
 Dragon Form              Tmut           ######.      100%        7    ####...
 Mana Rupture             Conj/Hex       ######....   100%        7    ####...
 Monstrous Menagerie      Summ           ######....   100%        7    ####...
 Necromutation            Tmut/Necr      #######.     100%        8    #####..
 Time Stop                Chrm/Tloc      N/A          100%        8    #####..
 Fire Storm               Conj/Fire      ######....   100%        9    #######


Dungeon Overview and Level Annotations

Branches:
Dungeon (1/1)

Altars:
Ashenzari
Cheibriados
Dithmenos
Elyvilon
Fedhas
Gozag
Hepliaklqana
Kikubaaqudgha
Lugonu
Makhleb
Nemelex Xobeh
Okawaru
Qazlal
Ru
Sif Muna
Trog
Uskayaw
Vehumet
Wu Jian
Xom
Yredelemnul
Zin
The Shining One
Beogh
Jiyva

Annotations:
D 1 transporter


Innate Abilities, Weirdness & Mutations

You never pass out after going berserk.
You often lose your temper in combat.
You can translocate small distances at will.
Scrolls take you longer to read.
Your flesh is heat resistant. (rF+)
You can hurl hellfire.
You have a considerably increased reservoir of magic. (+20% MP)
Your spells are much harder to cast, but much more powerful.
Your casting is slightly disrupted.
You expend magic power (3 MP) to strengthen your wands.
Your body floats in the air.
Your body sometimes deteriorates upon taking damage.


Message History

BONNNG!
The Shadow Fiend bites you!
* * * LOW HITPOINT WARNING * * *
You block the reaper's attack.
BONNNG!
You block the kobold's attack.
BOUMMMMG!
The reaper hits you from afar with a +2 scythe!!
* * * LOW HITPOINT WARNING * * *
Your blurry vision makes reading the scroll take longer!
You block the bat's attack.
SHROANNG!
You block the Shadow Fiend's attack.
PANG!
You block the Shadow Fiend's attack.
GONNNNG!
You block the kobold's attack.
SHROANNG!
The reaper hits you from afar with a +5 scythe of slicing!!!
You die...

)})=}|.
).≈≈≈≈≈≈≈)≈≈.≈.≈≈
}))|[=.
.†≈..≈....§...≈≈≈
.....?.
§§....!.§.≈≈[§≈≈.
..|....
§§...≈..≈§§≈..≈≈.
.......
.§..≈.≈.[.)≈§.≈.≈
.......
§§§≈≈.≈.≈≈≈§§.†≈≈
.......
..§≈.☼§.○○§≈≈≈≈≈.
.......
......≈1....§§.≈.
.......
.....2K@b.≈≈§≈.≈.
.......
....≈☼☼≈.§.≈.≈.≈.
≈.≈..≈
.≈≈≈.○.2≈....≈..≈
≈≈.≈≈.
.≈≈▓...≈..≈.≈▓..
≈≈▓...
..▓▓▓.§≈..≈.▓▓▓.
.≈...≈
...▓≈§..≈≈...▓..
≈.≈≈≈.
...§≈§§..........
....≈.
..§§...§.........
......
........©........


You could see a Shadow Fiend, 2 reapers, a bat and a kobold.

Vanquished Creatures
  2 pandemonium lords (D)
  3 orbs of fire (D)
  2 ancient liches (D)
  A greater mummy (D)
  A bone dragon (D)
  A doom hound (D)
  A Shadow Fiend (D)
  5 liches (D)
  A titan (D)
  An acid blob (D)
  5 tentacled starspawn (D)
  11 shadow dragons (D)
  A daeva (D)
  3 frost giants (D)
  2 fire giants (D)
  2 cacodemons (D)
  5 balrugs (D)
  An emperor scorpion (D)
  2 ghost moths (D)
  3 stone giants (D)
  An angel (D)
  4 ghouls (D)
  An entropy weaver (D)
  2 reapers (D)
  A very ugly thing (D)
  An ophan (D)
  2 death oozes (D)
  3 blizzard demons (D)
  4 merfolk impalers (D)
  2 merfolk javelineers (D)
  A yaktaur captain (D)
  3 mummy priests (D)
  6 fire dragons (D)
  A great orb of eyes (D)
  12 vault guards (D)
  4 ice dragons (D)
  A hydra (D)
  4 hell hogs (D)
  2 dancing weapons (D)
  A deep elf knight (D)
  2 thrashing horrors (D)
  An iron golem (D)
  8 soul eaters (D)
  A wretched star (D)
  2 hell knights (D)
  5 sixfirhies (D)
  2 flayed ghosts (D)
  2 swamp dragons (D)
  2 glowing orange brains (D)
  A deep elf archer (D)
  3 cyclopes (D)
  3 orb spiders (D)
  6 deep elf magi (D)
  2 manticores (D)
  4 draconians (D)
  5 moths of wrath (D)
  5 wolf spiders (D)
  2 worldbinders (D)
  A merfolk siren (D)
  2 rust devils (D)
  A torpor snail (D)
  3 orange demons (D)
  5 rime drakes (D)
  2 cane toads (D)
  4 yaktaurs (D)
  8 hellions (D)
  8 efreet (D)
  2 guardian mummies (D)
  4 ice devils (D)
  2 tormentors (D)
  5 demonic crawlers (D)
  4 freezing wraiths (D)
  5 red devils (D)
  3 ancient zymes (D)
  10 jumping spiders (D)
  3 polar bears (D)
  A merfolk (D)
  A wind drake (D)
  8 hornets (D)
  3 slime creatures (D)
  3 raiju (D)
  A vampire (D)
  4 redbacks (D)
  3 flying skulls (D)
  2 wraiths (D)
  6 fire elementals (D)
  A ynoxinul (D)
  3 tarantellas (D)
  An ushabti (D)
  A golden eye (D)
  3 wyverns (D)
  A steam dragon (D)
  2 neqoxecs (D)
  3 large abominations (D)
  6 hell hounds (D)
  4 ice beasts (D)
  A swamp drake (D)
  A necrophage (D)
  A phantom (D)
  3 centaurs (D)
  2 bullfrogs (D)
  3 scorpions (D)
  5 wights (D)
  5 quasits (D)
  A jelly (D)
  5 iron imps (D)
  An iguana (D)
  3 small abominations (D)
  2 mummies (D)
  A river rat (D)
  3 shadow imps (D)
  4 white imps (D)
  3 ufetubi (D)
  An ooze (D)
  5 bat skeletons (D)
  12 bat zombies (D)
  2 jackals (D)
  A ball python skeleton (D)
  6 ball python zombies (D)
  A bat simulacrum (D)
  A giant cockroach simulacrum (D)
  3 giant cockroach zombies (D)
  2 jackal skeletons (D)
  3 jackal zombies (D)
  6 leopard gecko skeletons (D)
  5 leopard gecko zombies (D)
  3 quokka skeletons (D)
  A quokka zombie (D)
  6 fire vortices (D)
  4 starspawn tentacles (D)
400 creatures vanquished.

Vanquished Creatures (collateral kills)
  A pandemonium lord (D)
  An Executioner (D)
  A ghoul (D)
  2 dancing weapons (D)
  A tormentor (D)
6 creatures vanquished.

Vanquished Creatures (others)
  A spatial maelstrom (D)
1 creature vanquished.

Grand Total: 407 creatures vanquished

Notes
Turn   | Place    | Note
-------+----------+-------------------------------------------
     0 | D        | Arthanis the Djinni Monk began the quest for the Orb.
     0 | D        | Reached XP level 1. HP: 19/19 MP: 2/2
     0 | D        | Found a shimmering blue altar of Sif Muna.
     0 | D        | Found a sacrificial altar of Ru.
     0 | D        | Found a bloodstained altar of Trog.
     0 | D        | Found a stormy altar of Qazlal.
     0 | D        | Found an iron altar of Okawaru.
     0 | D        | Found a sparkling altar of Nemelex Xobeh.
     0 | D        | Found a blossoming altar of Fedhas.
     1 | D        | Found the +6 Majin-Bo {vamp, *Drain Str+12 Int+24}
     1 | D        | Found the +7 great mace "Firestarter" {inner flame, rF++}
     2 | D        | Found a transporter.
     2 | D        | Found an ancient bone altar of Kikubaaqudgha.
     2 | D        | Found a viscous altar of Jiyva.
     2 | D        | Found a corrupted altar of Lugonu.
     2 | D        | Found a hazy altar of Hepliaklqana.
     2 | D        | Found a burning altar of Makhleb.
     2 | D        | Found an opulent altar of Gozag.
     3 | D        | Banished a spatial maelstrom
    20 | D        | Became a worshipper of Qazlal Stormbringer
    20 | D        | Reached * piety under Qazlal
    20 | D        | Reached ** piety under Qazlal
    25 | D        | Found the +6 shillelagh "Devastator" {shatter}
    25 | D        | Found the +11 plutonium sword {*Contam Stlth-}
    25 | D        | Found the +8 lance "Wyrmbane" {slay drac, rPois rF+ rC+
                  | AC+3}
    25 | D        | Found the +9 sword of Zonguldrok {reap}
    25 | D        | Found the cursed +13 scythe of Curses {drain, *Curse}
    25 | D        | Found the +0 sword of Power
    25 | D        | Found the +7 mace of Variability {chain chaos}
    25 | D        | Found the +7 Singing Sword {slice}
    25 | D        | Found the +7 longbow "Piercer" {penet, EV-2}
    27 | D        | Found the +9 heavy crossbow "Sniper" {velocity, Acc+∞ SInv}
    27 | D        | Found the +10 dark maul {crush}
    27 | D        | Found the +15 Maxwell's patent armour {-Cast -Tele rElec
                  | MR+ rCorr}
    27 | D        | Found the +18 shield of the Gong {rElec rN+ MR+ EV-5}
    27 | D        | Found the cursed +14 obsidian axe {chop, +Fly SInv *Curse}
    48 | D        | Reached XP level 2. HP: 28/28 MP: 2/4
    56 | D        | Entered arena 2.
    56 | D        | Noticed a hell hound
    56 | D        | Found a transporter.
    68 | D        | Killed a hell hound
    68 | D        | Reached skill level 5 in Dodging
    68 | D        | Reached skill level 5 in Evocations
    68 | D        | Reached XP level 3. HP: 26/37 MP: 4/7
    68 | D        | Gained mutation: Your spells are harder to cast, but more
                  | powerful. [Djinni growth]
    68 | D        | Gained mutation: You can translocate small distances at
                  | will. [Djinni growth]
    68 | D        | Reached XP level 4. HP: 32/44 MP: 4/8
    79 | D        | Entered arena 3.
    79 | D        | Noticed a flying skull
    79 | D        | Found a transporter.
    86 | D        | Killed a flying skull
    86 | D        | Reached *** piety under Qazlal
    86 | D        | Reached skill level 5 in Armour
    86 | D        | Reached skill level 5 in Shields
    86 | D        | Reached XP level 5. HP: 26/52 MP: 7/10
    86 | D        | Reached XP level 6. HP: 31/60 MP: 7/11
    94 | D        | Entered arena 4.
    94 | D        | Found a transporter.
   100 | D        | Reached **** piety under Qazlal
   107 | D        | Got the ring "Bashav" {rN+ AC+3 Stlth+}
   111 | D        | Entered arena 5.
   111 | D        | Noticed a draconian
   111 | D        | Noticed a draconian
   111 | D        | Noticed a draconian
   111 | D        | Noticed a draconian
   111 | D        | Found a transporter.
   112 | D        | Identified the ring of Light {Wiz rN++ Str+4}
   116 | D        | Killed a draconian
   116 | D        | Reached skill level 10 in Invocations
   116 | D        | Reached XP level 7. HP: 59/66 MP: 10/14
   126 | D        | Killed a draconian
   126 | D        | Gained mutation: Your spells are much harder to cast, but
                  | much more powerful. [Djinni growth]
   126 | D        | Reached XP level 8. HP: 67/73 MP: 11/17
   133 | D        | Killed a draconian
   133 | D        | Reached ***** piety under Qazlal
   139 | D        | Killed a draconian
   139 | D        | Reached skill level 15 in Invocations
   148 | D        | Entered arena 6.
   148 | D        | Noticed a jumping spider
   148 | D        | Noticed a jumping spider
   148 | D        | Found a transporter.
   149 | D        | Killed a jumping spider
   149 | D        | Reached XP level 9. HP: 53/79 MP: 12/21
   151 | D        | Killed a jumping spider
   158 | D        | Got the +1 lajatang "Bemamyar" {speed, +Rage MP-9 Stlth+}
   194 | D        | Entered arena 7.
   194 | D        | Noticed a deep elf mage
   194 | D        | Noticed a deep elf knight
   194 | D        | Noticed a +1 long sword of slicing
   194 | D        | Noticed a deep elf mage
   194 | D        | Noticed a deep elf archer
   194 | D        | Noticed a +3 scimitar of protection
   195 | D        | Found a transporter.
   196 | D        | Killed a deep elf mage
   196 | D        | Killed a deep elf mage
   196 | D        | Killed a deep elf archer
   196 | D        | Killed a deep elf knight
   196 | D        | Reached ****** piety under Qazlal
   196 | D        | Reached XP level 10. HP: 71/86 MP: 23/23
   201 | D        | Killed a +1 long sword of slicing
   204 | D        | Killed a +3 scimitar of protection
   245 | D        | Entered arena 8.
   245 | D        | Noticed a +4 vampiric scimitar
   245 | D        | Noticed a deep elf mage
   245 | D        | Noticed a deep elf mage
   245 | D        | Noticed a +3 trident of pain
   245 | D        | Noticed a deep elf mage
   245 | D        | Noticed a deep elf mage
   246 | D        | Found a transporter.
   247 | D        | Killed a deep elf mage
   247 | D        | Killed a deep elf mage
   247 | D        | Killed a deep elf mage
   247 | D        | Killed a deep elf mage
   247 | D        | Killed a +3 trident of pain
   247 | D        | Reached skill level 10 in Evocations
   247 | D        | Killed a +4 vampiric scimitar
   247 | D        | Reached XP level 11. HP: 89/92 MP: 26/26
   262 | D        | Entered arena 9.
   263 | D        | Found the +3 sling "Punk" {acid, rCorr}
   264 | D        | Found a transporter.
   299 | D        | Entered arena 10.
   300 | D        | Found a transporter.
   323 | D        | Got the cursed +1 trident of Fualemip {speed, rPois rC-
                  | Dex+8}
   327 | D        | Got the ring "Joyghoh" {rN+ MR+ MP+9 Int+3}
   333 | D        | Entered arena 11.
   333 | D        | Noticed a cyclops
   333 | D        | Noticed a cyclops
   333 | D        | Noticed a cyclops
   334 | D        | Identified the cursed +1 war axe of Xihaeq {chop, +Fly}
   334 | D        | Found a transporter.
   335 | D        | Killed a cyclops
   335 | D        | Killed a cyclops
   335 | D        | Killed a cyclops
   344 | D        | Entered arena 12.
   344 | D        | Noticed a great orb of eyes
   344 | D        | Noticed a death ooze
   344 | D        | Noticed a glowing orange brain
   345 | D        | Noticed an acid blob
   345 | D        | Noticed a death ooze
   346 | D        | Killed an acid blob
   346 | D        | Killed a great orb of eyes
   346 | D        | Killed a glowing orange brain
   346 | D        | Killed a death ooze
   346 | D        | Gained mutation: Your casting is slightly disrupted.
                  | [Djinni growth]
   346 | D        | Gained mutation: Your flesh is heat resistant. (rF+)
                  | [Djinni growth]
   346 | D        | Gained mutation: You have an increased reservoir of magic.
                  | (+10% MP) [Djinni growth]
   346 | D        | Gained mutation: You have a considerably increased
                  | reservoir of magic. (+20% MP) [Djinni growth]
   346 | D        | Reached XP level 12. HP: 100/100 MP: 34/34
   346 | D        | Killed a death ooze
   346 | D        | Reached skill level 15 in Evocations
   347 | D        | Found a transporter.
   354 | D        | Got the +3 fustibalus of Moerhaor {flame, *Corrode rF+
                  | Dex+2}
   356 | D        | Got the ring of Happiness {rPois rF+ Stlth-}
   365 | D        | Got the Tome of the Snowflakes and Stones
   366 | D        | Entered arena 13.
   366 | D        | Noticed a merfolk javelineer
   366 | D        | Noticed a merfolk javelineer
   366 | D        | Noticed a merfolk impaler
   366 | D        | Noticed a merfolk impaler
   366 | D        | Noticed a merfolk impaler
   367 | D        | Identified the ring of the City {*Drain rElec rF+ Str+4
                  | Dex+4}
   367 | D        | Noticed a merfolk impaler
   368 | D        | Found a transporter.
   369 | D        | Killed a merfolk javelineer
   369 | D        | Killed a merfolk javelineer
   369 | D        | Killed a merfolk impaler
   369 | D        | Killed a merfolk impaler
   369 | D        | Killed a merfolk impaler
   369 | D        | Killed a merfolk impaler
   382 | D        | Entered arena 14.
   383 | D        | Noticed a greater mummy
   383 | D        | Noticed a mummy priest
   383 | D        | Noticed a mummy priest
   383 | D        | Noticed a mummy priest
   385 | D        | Found the -2 hat of the Alchemist {rElec rPois rF+ rC+ rN+
                  | MR+ rMut rCorr}
   385 | D        | Killed a mummy priest
   385 | D        | Killed a mummy priest
   385 | D        | Killed a mummy priest
   385 | D        | Reached skill level 27 in Invocations
   385 | D        | Killed a greater mummy
   385 | D        | Reached XP level 13. HP: 90/105 MP: 36/36
   385 | D        | Noticed a reaper
   387 | D        | Found a transporter.
   410 | D        | Got the cursed -5 hat "Deum" {rC+ Dex+2}
   410 | D        | Got the ring "Seppanyts" {+Blink rPois rN+ MR+}
   432 | D        | Entered arena 15.
   436 | D        | Found a transporter.
   446 | D        | Got the +6 battleaxe of Oloalivo {protect, *Slow rElec MR+
                  | Int+4}
   457 | D        | Entered arena 16.
   457 | D        | Noticed an angel
   458 | D        | Noticed a daeva
   458 | D        | Noticed an ophan
   459 | D        | Killed an angel
   459 | D        | Killed a daeva
   459 | D        | Killed an ophan
   461 | D        | Found a transporter.
   469 | D        | Entered arena 17.
   471 | D        | Noticed a balrug
   471 | D        | Noticed Pounieps the pandemonium lord
   472 | D        | Killed a balrug
   472 | D        | Noticed a balrug
   472 | D        | Noticed a cacodemon
   472 | D        | Noticed Virum the pandemonium lord
   473 | D        | Killed a balrug
   473 | D        | Reached skill level 10 in Shields
   473 | D        | Killed a cacodemon
   474 | D        | Killed Pounieps the pandemonium lord
   474 | D        | Reached XP level 14. HP: 113/113 MP: 37/37
   474 | D        | Noticed Raitrixo the pandemonium lord
   477 | D        | Killed Virum the pandemonium lord
   479 | D        | Found a transporter.
   481 | D        | Killed Raitrixo the pandemonium lord
   481 | D        | Reached skill level 10 in Fighting
   489 | D        | Got the +4 great mace of Rocygekkun {crush, rElec rC- rN++}
   506 | D        | Entered arena 18.
   509 | D        | Noticed a reaper
   510 | D        | Reached skill level 10 in Dodging
   512 | D        | Killed a reaper
   512 | D        | Reached XP level 15. HP: 130/130 MP: 39/39
   512 | D        | Reached skill level 10 in Armour
   513 | D        | Found a transporter.
   525 | D        | Got the Reference Book on Unholy Shape Shifting
   525 | D        | Got the ring of Sipidgh {+Fly rC+++ MR- rCorr Dex+7}
   527 | D        | Got Ruruc's Compendium of Dark Transmigration
   530 | D        | Got the Compendium of Confrontation
   537 | D        | Entered arena 19.
   539 | D        | Noticed an Executioner
   539 | D        | Noticed a tentacled starspawn
   540 | D        | Noticed a tentacled starspawn
   541 | D        | Killed a tentacled starspawn
   541 | D        | Killed a tentacled starspawn
   545 | D        | Found a transporter.
   545 | D        | Killed an Executioner
   554 | D        | Got the +5 chain mail of a ziggurat {Regen+}
   569 | D        | Got the +6 trident of Plog {venom, rF+++ rC+}
   573 | D        | Learned a level 2 spell: Sublimation of Blood
   573 | D        | Entered arena 20.
   578 | D        | Noticed a frost giant
   578 | D        | Noticed a frost giant
   579 | D        | Identified the ring "Pimeuxeg" {Str+4 Int+2 Stlth-}
   579 | D        | Noticed a frost giant
   580 | D        | Reached skill level 1 in Spellcasting
   580 | D        | Reached skill level 1 in Necromancy
   580 | D        | Killed a frost giant
   580 | D        | Reached skill level 5 in Spellcasting
   580 | D        | Killed a frost giant
   580 | D        | Killed a frost giant
   582 | D        | Found a transporter.
   588 | D        | Got the Papyrus of the Disturbing Tables
   596 | D        | Entered arena 21.
   600 | D        | Noticed a lich
   601 | D        | Reached skill level 5 in Necromancy
   601 | D        | Killed a lich
   603 | D        | Found the +7 sceptre of Torment {pain, torment}
   604 | D        | Found a transporter.
   630 | D        | Entered arena 22.
   633 | D        | Noticed a shadow dragon
   633 | D        | Noticed a shadow dragon
   633 | D        | Noticed a shadow dragon
   633 | D        | Noticed an ancient lich
   634 | D        | Noticed a lich
   634 | D        | Noticed an ancient lich
   634 | D        | Noticed a lich
   635 | D        | Reached skill level 15 in Fighting
   635 | D        | Killed an ancient lich
   635 | D        | Reached skill level 10 in Spellcasting
   635 | D        | Reached skill level 15 in Armour
   635 | D        | Killed a shadow dragon
   635 | D        | Reached XP level 16. HP: 108/151 MP: 40/40
   635 | D        | Killed a lich
   635 | D        | Killed a lich
   635 | D        | Reached skill level 15 in Dodging
   635 | D        | Killed a lich
   635 | D        | Killed a shadow dragon
   635 | D        | Reached skill level 10 in Necromancy
   635 | D        | Killed a shadow dragon
   635 | D        | Noticed a shadow dragon
   636 | D        | Noticed a shadow dragon
   636 | D        | Noticed a titan
   637 | D        | Killed an ancient lich
   637 | D        | Killed a lich
   637 | D        | Killed a shadow dragon
   637 | D        | Killed a shadow dragon
   637 | D        | Killed a titan
   637 | D        | Reached skill level 15 in Spellcasting
   639 | D        | Found the +3 Elemental Staff {rElec rF++ rC++ MR++ AC+5}
   639 | D        | Found a transporter.
   663 | D        | Got the cursed ring "Qauwugg" {rF- Str-3 Dex+3}
   665 | D        | Entered arena 23.
   671 | D        | Noticed a tentacled starspawn
   672 | D        | Noticed a tentacled starspawn
   673 | D        | Killed a tentacled starspawn
   673 | D        | Killed a tentacled starspawn
   673 | D        | Killed a tentacled starspawn
   678 | D        | Found the +8 frozen axe "Frostbite" {freezing cloud, *Noise
                  | +Fly rC+}
   678 | D        | Found a transporter.
   687 | D        | Got the cursed +1 leather armour of Objectivity {Dex+3}
   696 | D        | Entered arena 24.
   704 | D        | Noticed an orb of fire
   704 | D        | Reached XP level 17. HP: 164/168 MP: 45/45
   705 | D        | Noticed an orb of fire
   705 | D        | Noticed an orb of fire
   705 | D        | Gained mutation: Your body sometimes deteriorates upon
                  | taking damage. [an orb of fire]
   706 | D        | Identified the +3 halberd "Ippugank" {chop, Str+2}
   707 | D        | Killed an orb of fire
   707 | D        | Reached skill level 27 in Evocations
   707 | D        | Reached skill level 15 in Necromancy
   708 | D        | Killed an orb of fire
   709 | D        | Killed an orb of fire
   715 | D        | Found a transporter.
   723 | D        | Got Vomocset's Catalogue of Vitriolic Unholy Arts
   748 | D        | Entered arena 25.
   771 | D        | Found the +8 longbow "Zephyr" {speed, Dex+3 SInv}
   771 | D        | Found a transporter.
   772 | D        | Found the ring of Robustness {AC+8}
   777 | D        | Got the +9 scythe of Vagang {speed, *Rage Str+6}
   779 | D        | Got the Collected Works on Venom and the Birds
   804 | D        | Entered arena 26.
   812 | D        | Noticed a doom hound
   814 | D        | Gained mutation: You can hurl hellfire. [Djinni growth]
   814 | D        | Reached XP level 18. HP: 184/184 MP: 49/52
   818 | D        | Killed a doom hound
   821 | D        | Found a transporter.
   824 | D        | Noticed a bone dragon
   827 | D        | Noticed a Shadow Fiend
   829 | D        | Found the +5 robe of Night {Dark MR+ SInv}
   830 | D        | Noticed a Shadow Fiend
   832 | D        | Killed a Shadow Fiend
   832 | D        | Killed a bone dragon
   837 | D        | HP: 7/188 [reaper/+2 scythe[a doom hound] (24)]
   839 | D        | Annihilated by a reaper

Skill      XL: |  1  2  3  4  5  6  7  8  9 10 11 12 13 14 15 16 17 18 |
---------------+-------------------------------------------------------+-----
Fighting       | 4 6 7 11 15 19 22 23 | 23.3
Armour         | 2 4 5 9 15 17 20 21 | 21.1
Dodging        | 4 5 6 10 14 17 20 21 | 21.6
Shields        | 2 4 5 14 18 | 18.1
Evocations     | 3 5 7 10 14 19 23 24 26 27 | 27.0
Invocations    | 10 12 16 19 22 24 27 | 27.0
Spellcasting   | 11 17 21 23 | 23.5
Necromancy     | 8 13 17 19 | 19.1
Polearms       | |  3.0
Stealth        | |  1.5

Action                   |  1- 3 |  4- 6 |  7- 9 | 10-12 | 13-15 | 16-18 || total
-------------------------+-------+-------+-------+-------+-------+-------++-------
Melee: Double sword      |     9 |    16 |       |       |       |       ||    25
       Lance             |       |     2 |    24 |       |       |       ||    26
 Cast: Sublimation of Bl |       |       |       |       |       |     2 ||     2
Invok: Disaster Area     |       |       |     1 |     9 |    16 |    21 ||    47
       Elemental Force   |       |       |       |     2 |     3 |     1 ||     6
       Upheaval          |       |       |       |       |       |     4 ||     4
 Abil: Blink             |       |       |       |       |       |     1 ||     1
       Hurl Hellfire     |       |       |       |       |       |     1 ||     1
Evoke: Wand              |       |       |     1 |       |       |       ||     1
       Staff of power    |       |       |    11 |    16 |    28 |    35 ||    90
  Use: Potion            |     4 |     3 |       |       |       |     4 ||    11
 Stab: Invisible         |       |     3 |       |       |       |       ||     3
  Eat: Ration            |       |       |       |       |     1 |     1 ||     2
Armor: Plate armour      |    13 |     6 |     5 |     3 |     7 |       ||    34
       Chain mail        |       |       |       |       |       |     5 ||     5
Dodge: Dodged            |     2 |     1 |       |       |     3 |    15 ||    21
       Deflected         |       |       |       |       |     1 |       ||     1
Block: Shield            |    36 |    31 |    25 |    16 |    29 |    60 ||   197
